 Dungeon Crawl Stone Soup version 0.31-a0-221-gbddc013574 (webtiles) character file.

Game seed: 11604534318920678219

100725 qw the Severer (level 16, -1/104 HPs)
             Began as a Gargoyle Fighter on July 4, 2023.
             Was an Elder of Okawaru.
             Slain by a rust devil (2 damage)
             ... summoned by an orc high priest
             ... on level 2 of the Orcish Mines.
             The game lasted 00:11:36 (19575 turns).

qw the Severer (Gargoyle Fighter)                  Turns: 19575, Time: 00:11:37

Health: -1/104     AC: 45    Str: 34    XL:     16   Next: 28%
Magic:  16/23      EV: 11    Int:  9    God:    Okawaru [****..]
Gold:   1998       SH: 13    Dex:  9    Spells: 15/15 levels left

rFire   x . .        e - +5 war axe "Pataogh" {heavy, rF- rC+ rN+++ Stlth-}
rCold   + . .        q - +0 kite shield
rNeg    + + +        D - +0 plate armour
rPois   inf          k - +2 helmet
rElec   +            y - +0 cloak of the Sharing Gods {rElec}
rCorr   .            u - +2 pair of gloves
SInv    .            v - +0 pair of boots
Will    +....        F - amulet of regeneration Stlth
                     h - +6 ring of strength
HPRegen 1.17/turn    E - +4 ring of protection
MPRegen 0.18/turn

%: no passive effects
@: about to teleport, heroic, finesse-ful, marked, flying
A: sickness immunity, AC +12, big wings, negative energy resistance 1,
electricity resistance, torment resistance 1, petrification resistance
a: Renounce Religion, Heroism, Finesse


You were on level 2 of the Orcish Mines.
You worshipped Okawaru.
Okawaru was greatly pleased with you.
You visited 4 branches of the dungeon, and saw 23 of its levels.
You visited the Abyss 1 time.

You collected 2268 gold pieces.
You spent 270 gold pieces at shops.


Innate Abilities, Weirdness & Mutations

You are immune to sickness and miasma.
Your stone body is resilient. (AC +12)
You are immune to poison.
Your large and strong wings let you fly.
You resist negative energy. (rN+)
You are resistant to electric shocks. (rElec)
You are resistant to unholy torment.
You are immune to petrification.


   Skills:
 - Level 13.0(18.0) Fighting
 - Level 16.0(21.0) Axes
 - Level 7.0(12.0) Throwing
 + Level 12.9(17.9) Armour
 - Level 3.0(8.0) Dodging
 - Level 13.0(18.0) Shields
 - Level 10.0 Invocations


You had 15 spell levels left.
You didn't know any spells.
Your spell library was empty.

Inventory:

Hand Weapons
 e - the +5 war axe "Pataogh" (weapon) {heavy, rF- rC+ rN+++ Stlth-}
   (You acquired it on level 2 of the Dungeon)

   rF:        It makes you vulnerable to fire.
   rC:        It protects you from cold.
   rN:        It renders you almost immune to negative energy.
   Stlth:     It makes you less stealthy.
 m - a +0 war axe
 B - a +2 hand axe of flaming
Missiles
 r - 7 boomerangs (quivered)
Armour
 k - a +2 helmet (worn)
 q - a +0 kite shield (worn)
 u - a +2 pair of gloves (worn)
 v - a +0 pair of boots (worn)
 w - a +2 scale mail of fire resistance
 y - the +0 cloak of the Sharing Gods (worn) {rElec}
   (Okawaru gifted it to you on level 1 of the Lair of Beasts)

   rElec:     It insulates you from electricity.
 A - +0 acid dragon scales
 D - a +0 plate armour (worn)
Jewellery
 h - a +6 ring of strength (left hand)
 z - a ring of ice
 C - a ring of fire
 E - a +4 ring of protection (right hand)
 F - an amulet of regeneration (around neck)
Wands
 t - a wand of digging (6)
Scrolls
 a - 7 scrolls of identify
Potions
 b - 5 potions of mutation
 d - 4 potions of might
 f - a potion of attraction
 g - 3 potions of resistance
 i - 7 potions of lignification
 j - 7 potions of curing
 l - a potion of magic
 o - 4 potions of enlightenment
 s - a potion of haste

Dungeon Overview and Level Annotations

Branches:
Dungeon (15/15)            Temple (1/1) D:5            Lair (5/5) D:9
 Shoals (0/4) Lair:2       Spider (0/4) Lair:3        Slime (0/5) Lair:5
    Orc (1/2) D:11         Vaults (0/5) D:13         Depths (0/4) D:15

Altars:
Ashenzari
Cheibriados
Dithmenos
Elyvilon
Fedhas
Gozag
Hepliaklqana
Kikubaaqudgha
Makhleb
Nemelex Xobeh
Okawaru
Qazlal
Ru
Sif Muna
Trog
Uskayaw
Vehumet
Wu Jian
Xom
Yredelemnul
Zin
The Shining One

Shops:
D:5 *!   D:14 :

Annotations:
D:7 exclusion: wight
D:14 exclusion: moth of wrath
Orc:2 Nessos


Message History

The orc knight is healed somewhat.
An orc knight comes into view. It is wielding a +3 war axe.
An orc comes into view. It is wielding a +0 whip.
You slice the orc knight!!
You kill the orc knight!
Okawaru accepts your kill. Okawaru grants you throwing weapons!
Something appears at your feet!
You hit the rust devil but do no damage.
You slash the orc priest! You slash the orc knight! You barely miss the orc.
You hit the orc priest but do no damage.
You closely miss the orc priest.
The orc priest is almost dead.
You slash the rust devil! You closely miss the orc knight. You slice the orc!!
You kill the orc!
You barely miss the orc priest.
The orc knight hits you with a +2 great mace!!
An orc warrior comes into view. It is wielding a +0 mace.
You block the rust devil's attack.
19574 ||| READING scroll of teleportation.
As you read the scroll of teleportation, it crumbles to dust.
You feel strangely unstable.
The orc priest hits you with a +2 antimagic dagger.
You feel your power leaking away.
An orc warrior comes into view. It is wielding a +0 heavy flail.
You block the rust devil's attack.
19575 ||| DRINKING potion of heal wounds.
You feel much better.
The orc priest no longer looks unusually strong.
The orc high priest no longer looks unusually strong.
An orc priest comes into view.
It is wielding a +2 falchion of electrocution.
An orc wizard comes into view. It is wielding a +3 dagger.
You block the orc priest's attack.
The orc priest calls down the wrath of Beogh upon you.
Beogh smites you!
The orc warrior hits you from afar with a +0 glaive!
The orc knight roars a battlecry!
The orcs go into a battle-frenzy!
The orc high priest calls upon Beogh to heal the orc priest.
The orc priest is healed somewhat.
The rust devil hits you.
You die...

#....o.$......##
#..............#
#..............#
#....#........#
#.....oo..#..##
.o....oc......#
o..o.ooo).))).#
.oooooo@o.)))##
#....3oo4.).).##
#.....o4.......#
#.........).#.##
#...#.......###
#...#.#....##
#........### ##
....... .....


You could see Nessos, 2 orc knights, an orc high priest (strong), an ice devil
(summoned), a rust devil (summoned), a smoke demon (summoned), 6 orc warriors, 5
orc priests, 2 orc wizards and 4 orcs.

Vanquished Creatures
  Jorgrun (Orc:1)
  A tentacled starspawn (Abyss:1)
  An ironbound preserver (D:13)
  Josephine (Lair:4)
  11 hydras
  Erolcha (D:9)
  2 ice dragons (D:15)
  4 catoblepae
  3 boulder beetles
  A death knight (D:13)
  2 centaur warriors
  3 tengu warriors
  9 two-headed ogres
  12 death yaks
  2 thrashing horrors (Abyss:1)
  5 skeletal warriors (D:14)
  Lodul (D:13)
  A wizard (D:7)
  An orc knight (Orc:2)
  A steelbarb worm (shapeshifter) (D:14)
  A deep elf pyromancer (D:15)
  5 manticores
  Pikel (D:4)
  4 cyclopes
  20 ugly things
  18 elephants
  7 gargoyles
  A black mamba (Lair:2)
  Maggie (Lair:2)
  16 cane toads
  2 unseen horrors
  6 kobold demonologists
  3 rime drakes
  An efreet (D:13)
  13 komodo dragons
  Psyche (D:8)
  A tengu conjurer (D:13)
  A freezing wraith (D:13)
  A burning bush (Lair:3)
  A meliai (Lair:3)
  A polar bear (Lair:5)
  6 trolls
  13 blink frogs
  5 dream sheep (Lair:4)
  A centaur simulacrum (D:14)
  11 slime creatures
  A spriggan (D:10)
  2 shadows
  11 wraiths
  2 large abominations (Abyss:1)
  7 wyverns
  5 basilisks
  A ynoxinul (Abyss:1)
  3 small abominations (Abyss:1)
  2 steam dragons
  55 yaks
  A chaos spawn (Abyss:1)
  20 vampire mosquitoes
  A swamp worm (shapeshifter) (D:13)
  9 water moccasins
  2 ice beasts
  10 orc warriors
  A black bear (Lair:2)
  10 centaurs
  8 ogres
  3 wolves (Lair:2)
  3 lemures (D:4)
  7 kobold brigands
  3 gnoll sergeants
  8 bullfrogs
  5 scorpions (D:6)
  8 wights (D:7)
  A jelly (D:7)
  5 killer bees
  2 howler monkeys (D:8)
  5 electric eels
  A crimson imp (D:8)
  4 hounds
  10 orc priests
  A gnoll bouda (D:8)
  3 sleepcaps
  7 iguanas
  Natasha (twice) (D:3)
  6 orc wizards
  6 hell rats (Lair:5)
  22 gnolls
  10 adders
  A shadow imp (D:6)
  3 ufetubi
  3 dart slugs
  A worm (D:2)
  66 orcs
  3 giant cockroaches
  10 goblins
  3 hobgoblins
  6 jackals (D:1)
  A quokka (D:3)
  7 ball pythons
  A bat (D:3)
  4 frilled lizards
  18 kobolds
  4 rats
  3 starspawn tentacles (Abyss:1)
611 creatures vanquished.

Vanquished Creatures (others)
  2 starspawn tentacles (Abyss:1)
2 creatures vanquished.

Grand Total: 613 creatures vanquished

Notes
Turn   | Place    | Note
-------+----------+-------------------------------------------
     0 | D:1      | qw the Gargoyle Fighter began the quest for the Orb.
     0 | D:1      | Reached XP level 1. HP: 14/14 MP: 1/1
     0 | D:1      | 0 ||| qw: Version: 0.3-a-40-ge99b1a8
     0 | D:1      | 0 ||| qw: Game counter: 679
     0 | D:1      | 0 ||| qw: Melee chars always use a shield: true
     0 | D:1      | 0 ||| qw: God list: Okawaru
     0 | D:1      | 0 ||| qw: Allow faded altars: false
     0 | D:1      | 0 ||| qw: Do Orc after clearing Dungeon:15 true
     0 | D:1      | 0 ||| qw: Do second Lair branch before Depths: true
     0 | D:1      | 0 ||| qw: Lair rune preference: random
     0 | D:1      | 0 ||| qw: Goals: Normal, Zot:1-4, Slime:5, God:TSO, Crypt,
                  | Tomb, Abyss, Pan, Hells, Win
     0 | D:1      | 0 ||| PLANNING D:1-11
    25 | D:1      | 25 ||| Stepping ~*~*~tactically~*~*~ (hiding).
    36 | D:1      | Reached skill level 2 in Axes
   121 | D:1      | 121 ||| Stepping ~*~*~tactically~*~*~ (stealth).
   133 | D:1      | Reached XP level 2. HP: 19/19 MP: 2/2
   669 | D:1      | 669 ||| READING 2 scrolls labelled DONIOQYLICO.
   670 | D:1      | 670 ||| READING scroll labelled HAUMPIUSHECH.
   671 | D:1      | 671 ||| READING scroll labelled OHUMAO CACUMN.
   672 | D:1      | 672 ||| DRINKING 2 sedimented amethyst potions.
   739 | D:2      | Reached skill level 3 in Axes
   822 | D:2      | Reached XP level 3. HP: 23/23 MP: 3/3
  1353 | D:2      | Found a faded altar of an unknown god.
  1479 | D:2      | 1479 ||| UPGRADING to +0 helmet.
  1484 | D:2      | 1484 ||| UPGRADING to amulet of the acrobat.
  1489 | D:2      | 1489 ||| READING scroll labelled GEWNERGHOTTI.
  1489 | D:2      | Identified a scroll of acquirement
  1489 | D:2      | 1489 ||| ACQUIRING +5 war axe "Pataogh" {heavy, rF- rC+
                  | rN+++ Stlth-}
  1489 | D:2      | Acquired the +5 war axe "Pataogh" {heavy, rF- rC+ rN+++
                  | Stlth-}
  1491 | D:2      | 1491 ||| SWAPPING to +5 war axe "Pataogh" {heavy, rF- rC+
                  | rN+++ Stlth-}.
  1492 | D:2      | 1492 ||| READING scroll labelled OMOUDY DUCE.
  1497 | D:2      | 1497 ||| READING 2 scrolls of identify.
  1497 | D:2      | 1497 ||| IDENTIFYING emerald potion
  1498 | D:2      | 1498 ||| DROPPING potion of brilliance.
  1617 | D:3      | Noticed Natasha
  1618 | D:3      | 1618 ||| Stepping ~*~*~tactically~*~*~ (stealth).
  1629 | D:3      | 1629 ||| Stepping ~*~*~tactically~*~*~ (hiding).
  1634 | D:3      | Killed Natasha
  1635 | D:3      | Reached XP level 4. HP: 25/28 MP: 4/4
  1673 | D:3      | Reached skill level 4 in Axes
  1691 | D:3      | 1691 ||| Stepping ~*~*~tactically~*~*~ (stealth).
  1694 | D:3      | Noticed Natasha
  1702 | D:3      | Killed Natasha
  1880 | D:3      | Reached XP level 5. HP: 32/32 MP: 5/5
  2060 | D:3      | Reached skill level 5 in Axes
  2159 | D:3      | 2159 ||| READING scroll labelled AFOARA VASEUCS.
  2160 | D:3      | 2160 ||| READING scroll labelled IGEJUQ ZOITISH.
  2161 | D:3      | 2161 ||| READING scroll labelled UBLIUD MATU.
  2162 | D:3      | 2162 ||| DRINKING 2 red potions.
  2195 | D:3      | 2195 ||| READING 2 scrolls of identify.
  2195 | D:3      | 2195 ||| IDENTIFYING golden potion
  2305 | D:4      | Found an opulent altar of Gozag.
  2345 | D:4      | Noticed a lemure
  2347 | D:4      | Noticed Pikel
  2347 | D:4      | Noticed a lemure
  2348 | D:4      | Noticed a lemure
  2350 | D:4      | Noticed a lemure
  2353 | D:4      | Killed a lemure
  2354 | D:4      | Killed a lemure
  2355 | D:4      | 2355 ||| DRINKING 3 potions of curing.
  2355 | D:4      | 2355 ||| (to cure confusion)
  2358 | D:4      | HP: 6/33 [lemure[Pikel] (6)]
  2359 | D:4      | 2359 ||| READING scroll of teleportation.
  2359 | D:4      | HP: 2/33 [lemure[Pikel] (2)]
  2361 | D:4      | Killed a lemure
  2496 | D:4      | Reached skill level 1 in Dodging
  2496 | D:4      | Reached XP level 6. HP: 26/38 MP: 6/6
  2511 | D:4      | 2511 ||| Stepping ~*~*~tactically~*~*~ (stealth).
  2536 | D:4      | 2536 ||| Stepping ~*~*~tactically~*~*~ (stealth).
  2537 | D:4      | 2537 ||| Stepping ~*~*~tactically~*~*~ (stealth).
  2538 | D:4      | 2538 ||| Stepping ~*~*~tactically~*~*~ (stealth).
  2541 | D:4      | Killed Pikel
  2542 | D:4      | Reached skill level 7 in Axes
  2542 | D:4      | Reached XP level 7. HP: 43/43 MP: 7/7
  2544 | D:4      | 2544 ||| DROPPING +0 club.
  2669 | D:4      | 2669 ||| Stepping ~*~*~tactically~*~*~ (stealth).
  2682 | D:4      | 2682 ||| Stepping ~*~*~tactically~*~*~ (hiding).
  2873 | D:4      | 2873 ||| Stepping ~*~*~tactically~*~*~ (hiding).
  2874 | D:4      | 2874 ||| Stepping ~*~*~tactically~*~*~ (hiding).
  2990 | D:4      | Found a glowing golden altar of the Shining One.
  3035 | D:4      | Found an ancient bone altar of Kikubaaqudgha.
  3062 | D:4      | Found an iron altar of Okawaru.
  3063 | D:4      | Found a snail-covered altar of Cheibriados.
  3080 | D:4      | 3080 ||| UPGRADING to +0 chain mail.
  3090 | D:4      | 3090 ||| DROPPING +0 scale mail.
  3091 | D:4      | 3091 ||| READING scroll labelled KOULASKYSCHU.
  3110 | D:5      | Entered Level 5 of the Dungeon
  3124 | D:5      | Found a staircase to the Ecumenical Temple.
  3125 | D:5      | 3125 ||| PLANNING TEMPLE
  3151 | Temple   | Entered the Ecumenical Temple
  3302 | Temple   | 3302 ||| PLANNING D:1-11
  3332 | D:5      | 3332 ||| Stepping ~*~*~tactically~*~*~ (stealth).
  3334 | D:5      | 3334 ||| Stepping ~*~*~tactically~*~*~ (stealth).
  3342 | D:5      | 3342 ||| DROPPING +0 whip of freezing.
  3368 | D:5      | Reached XP level 8. HP: 39/49 MP: 8/8
  3403 | D:5      | 3403 ||| READING scroll labelled WOTEONLEPURPH.
  3411 | D:5      | 3411 ||| STAIRDANCE
  3581 | D:5      | Found Aefitix's Alliterative Accessories.
  3588 | D:5      | 3588 ||| SHOPLISTING +0 acid dragon scales (560 gold, have
                  | 305).
  3588 | D:5      | 3588 ||| BUYING potion of attraction (42 gold).
  3588 | D:5      | Bought a potion of attraction for 42 gold pieces
  3588 | D:5      | 3588 ||| SHOPLISTING scroll of acquirement (728 gold, have
                  | 263).
  3650 | D:5      | 3650 ||| READING 2 scrolls of identify.
  3650 | D:5      | 3650 ||| IDENTIFYING sedimented pink potion
  3658 | D:5      | 3658 ||| STAIRDANCE
  3660 | D:4      | 3660 ||| PLANNING OKAWARU WORSHIP
  3664 | D:4      | Became a worshipper of Warmaster Okawaru
  3665 | D:4      | 3665 ||| PLANNING D:1-11
  3671 | D:4      | 3671 ||| READING scroll labelled XYREYCYRORIO.
  3732 | D:5      | 3732 ||| DROPPING +0 flail.
  3739 | D:5      | 3739 ||| READING scroll of enchant armour.
  3739 | D:5      | 3739 ||| ENCHANTING +0 helmet.
  3979 | D:5      | Reached skill level 8 in Axes
  4104 | D:5      | Found a glowing silver altar of Zin.
  4104 | D:5      | Found a blossoming altar of Fedhas.
  4184 | D:5      | 4184 ||| Stepping ~*~*~tactically~*~*~ (hiding).
  4317 | D:5      | 4317 ||| DROPPING +1 heavy flail.
  4363 | D:5      | Found Lump's Distillery.
  4370 | D:5      | 4370 ||| BUYING 2 potions of curing (72 gold).
  4370 | D:5      | Bought 2 potions of curing for 72 gold pieces
  4370 | D:5      | 4370 ||| BUYING potion of heal wounds (60 gold).
  4370 | D:5      | Bought a potion of heal wounds for 60 gold pieces
  4370 | D:5      | 4370 ||| BUYING potion of heal wounds (60 gold).
  4370 | D:5      | Bought a potion of heal wounds for 60 gold pieces
  4370 | D:5      | 4370 ||| BUYING potion of lignification (36 gold).
  4370 | D:5      | Bought a potion of lignification for 36 gold pieces
  4370 | D:5      | 4370 ||| SHOPLISTING potion of lignification (36 gold, have
                  | 35).
  4370 | D:5      | 4370 ||| SHOPLISTING potion of might (48 gold, have 35).
  4446 | D:5      | 4446 ||| UPGRADING to +4 ring of protection.
  4513 | D:6      | 4513 ||| READING scroll of acquirement.
  4513 | D:6      | 4513 ||| ACQUIRING +3 warlock's mirror {omnireflect}
  4513 | D:6      | Acquired the +3 warlock's mirror {omnireflect}
  4513 | D:6      | Found the +3 warlock's mirror {omnireflect}
  4515 | D:6      | 4515 ||| UPGRADING to +3 warlock's mirror {omnireflect}.
  4525 | D:6      | 4525 ||| DROPPING +0 buckler.
  4547 | D:6      | Reached skill level 6 in Fighting
  4733 | D:6      | 4733 ||| Stepping ~*~*~tactically~*~*~ (hiding).
  4748 | D:6      | Reached * piety under Okawaru
  4810 | D:6      | 4810 ||| UPGRADING to +0 pair of gloves.
  4930 | D:6      | Reached skill level 1 in Invocations
  4930 | D:6      | Reached XP level 9. HP: 55/55 MP: 8/10
  4984 | D:6      | 4984 ||| UPGRADING to +0 pair of boots.
  5046 | D:6      | 5046 ||| DROPPING +6 ring of intelligence.
  5058 | D:7      | 5058 ||| Stepping ~*~*~tactically~*~*~ (stealth).
  5068 | D:7      | 5068 ||| INVOKING Heroism.
  5071 | D:7      | Killed an unseen horror
  5072 | D:7      | Reached skill level 9 in Axes
  5082 | D:7      | 5082 ||| INVOKING Heroism.
  5251 | D:7      | Reached skill level 3 in Invocations
  5300 | D:7      | 5300 ||| READING scroll of enchant armour.
  5300 | D:7      | 5300 ||| ENCHANTING +0 pair of gloves.
  5362 | D:7      | Noticed a komodo dragon
  5363 | D:7      | 5363 ||| INVOKING Heroism.
  5368 | D:7      | Noticed a wizard
  5370 | D:7      | Killed a komodo dragon
  5379 | D:7      | Killed a wizard
  5404 | D:7      | Identified the +1 hat of Discretion {rCorr Int+7 Dex-2
                  | SInv}
  5405 | D:7      | 5405 ||| Stepping ~*~*~tactically~*~*~ (stealth).
  5406 | D:7      | 5406 ||| Stepping ~*~*~tactically~*~*~ (stealth).
  5437 | D:7      | Reached ** piety under Okawaru
  5513 | D:7      | 5513 ||| Stepping ~*~*~tactically~*~*~ (hiding).
  5515 | D:7      | 5515 ||| Stepping ~*~*~tactically~*~*~ (hiding).
  5518 | D:7      | 5518 ||| INVOKING Heroism.
  5522 | D:7      | Reached skill level 10 in Axes
  5522 | D:7      | Reached XP level 10. HP: 63/63 MP: 10/13
  5569 | D:7      | Reached skill level 6 in Armour
  5600 | D:7      | 5600 ||| READING scroll of enchant armour.
  5600 | D:7      | 5600 ||| ENCHANTING +1 pair of gloves.
  5897 | D:7      | 5897 ||| READING scroll labelled NUODDE UXYASAR.
  5898 | D:7      | 5898 ||| READING 2 scrolls of identify.
  5898 | D:7      | 5898 ||| IDENTIFYING coppery potion
  5899 | D:7      | 5899 ||| DROPPING potion of ambrosia.
  6024 | D:8      | 6024 ||| Stepping ~*~*~tactically~*~*~ (stealth).
  6031 | D:8      | 6031 ||| Stepping ~*~*~tactically~*~*~ (stealth).
  6036 | D:8      | 6036 ||| Stepping ~*~*~tactically~*~*~ (hiding).
  6046 | D:8      | 6046 ||| INVOKING Heroism.
  6048 | D:8      | 6048 ||| Stepping ~*~*~tactically~*~*~ (hiding).
  6087 | D:8      | Noticed Psyche
  6088 | D:8      | 6088 ||| INVOKING Heroism.
  6096 | D:8      | Killed Psyche
  6268 | D:8      | Noticed a gargoyle
  6272 | D:8      | Killed a gargoyle
  6300 | D:8      | 6300 ||| READING scroll of enchant armour.
  6300 | D:8      | 6300 ||| ENCHANTING +1 helmet.
  6303 | D:8      | Noticed a gargoyle
  6307 | D:8      | Killed a gargoyle
  6310 | D:8      | 6310 ||| DROPPING +0 morningstar.
  6323 | D:8      | Noticed a gargoyle
  6324 | D:8      | Killed a gargoyle
  6331 | D:8      | Noticed a gargoyle
  6333 | D:8      | Killed a gargoyle
  6333 | D:8      | Reached *** piety under Okawaru
  6342 | D:8      | Noticed a gargoyle
  6343 | D:8      | 6343 ||| INVOKING Heroism.
  6346 | D:8      | Killed a gargoyle
  6347 | D:8      | Reached skill level 11 in Axes
  6424 | D:8      | Noticed a two-headed ogre
  6425 | D:8      | 6425 ||| Stepping ~*~*~tactically~*~*~ (stealth).
  6427 | D:8      | 6427 ||| Stepping ~*~*~tactically~*~*~ (stealth).
  6429 | D:8      | 6429 ||| INVOKING Heroism.
  6435 | D:8      | Killed a two-headed ogre
  6436 | D:8      | Reached skill level 3 in Dodging
  6465 | D:8      | Noticed a two-headed ogre
  6466 | D:8      | 6466 ||| Stepping ~*~*~tactically~*~*~ (stealth).
  6468 | D:8      | 6468 ||| Stepping ~*~*~tactically~*~*~ (stealth).
  6469 | D:8      | 6469 ||| Stepping ~*~*~tactically~*~*~ (stealth).
  6470 | D:8      | 6470 ||| Stepping ~*~*~tactically~*~*~ (stealth).
  6471 | D:8      | 6471 ||| Stepping ~*~*~tactically~*~*~ (stealth).
  6473 | D:8      | 6473 ||| INVOKING Heroism.
  6475 | D:8      | Killed a two-headed ogre
  6476 | D:8      | Reached skill level 9 in Fighting
  6476 | D:8      | Reached XP level 11. HP: 71/71 MP: 11/14
  6561 | D:8      | 6561 ||| Stepping ~*~*~tactically~*~*~ (hiding).
  6680 | D:8      | Found a burning altar of Makhleb.
  6694 | D:8      | 6694 ||| UPGRADING to +0 kite shield.
  6704 | D:8      | 6704 ||| DROPPING +3 warlock's mirror {omnireflect}.
  6705 | D:8      | 6705 ||| UPGRADING to ring of fire.
  6706 | D:8      | 6706 ||| DRINKING 2 dark potions.
  6811 | D:8      | 6811 ||| READING 3 scrolls of identify.
  6811 | D:8      | 6811 ||| IDENTIFYING murky brown potion
  6812 | D:8      | 6812 ||| READING 2 scrolls of identify.
  6812 | D:8      | 6812 ||| IDENTIFYING blue potion
  6813 | D:8      | 6813 ||| DROPPING potion of berserk rage.
  6897 | D:9      | Noticed Erolcha
  6898 | D:9      | 6898 ||| Stepping ~*~*~tactically~*~*~ (hiding).
  6899 | D:9      | 6899 ||| Stepping ~*~*~tactically~*~*~ (hiding).
  6900 | D:9      | 6900 ||| Stepping ~*~*~tactically~*~*~ (hiding).
  6901 | D:9      | 6901 ||| Stepping ~*~*~tactically~*~*~ (hiding).
  6902 | D:9      | 6902 ||| Stepping ~*~*~tactically~*~*~ (hiding).
  6903 | D:9      | 6903 ||| Stepping ~*~*~tactically~*~*~ (hiding).
  6904 | D:9      | 6904 ||| INVOKING Heroism.
  6904 | Abyss:1  | Cast into level 1 of the Abyss (Erolcha)
  6960 | Abyss:1  | Noticed a thrashing horror
  6964 | Abyss:1  | Killed a thrashing horror
  6965 | Abyss:1  | Reached skill level 6 in Shields
  6971 | Abyss:1  | Noticed a thrashing horror
  6975 | Abyss:1  | Killed a thrashing horror
  6976 | Abyss:1  | 6976 ||| INVOKING Heroism.
  6977 | Abyss:1  | Noticed a large abomination
  6988 | Abyss:1  | Killed a large abomination
  6988 | Abyss:1  | Reached **** piety under Okawaru
  7002 | Abyss:1  | 7002 ||| INVOKING Heroism.
  7004 | Abyss:1  | 7004 ||| Stepping ~*~*~tactically~*~*~ (stealth).
  7005 | Abyss:1  | 7005 ||| Stepping ~*~*~tactically~*~*~ (stealth).
  7038 | Abyss:1  | 7038 ||| Stepping ~*~*~tactically~*~*~ (stealth).
  7040 | Abyss:1  | 7040 ||| INVOKING Heroism.
  7052 | Abyss:1  | 7052 ||| Stepping ~*~*~tactically~*~*~ (stealth).
  7078 | Abyss:1  | 7078 ||| INVOKING Heroism.
  7103 | Abyss:1  | Noticed a tentacled starspawn
  7112 | Abyss:1  | 7112 ||| INVOKING Heroism.
  7112 | Abyss:1  | Noticed a worldbinder
  7113 | Abyss:1  | Killed a tentacled starspawn
  7114 | Abyss:1  | Reached skill level 9 in Shields
  7114 | Abyss:1  | Noticed a deep elf pyromancer
  7114 | Abyss:1  | Noticed a deep elf knight
  7115 | Abyss:1  | Noticed a deep elf pyromancer
  7115 | Abyss:1  | Noticed a deep elf pyromancer
  7116 | D:9      | Escaped the Abyss
  7117 | D:9      | 7117 ||| FLEEEEING.
  7117 | D:9      | HP: 9/71 [burnt (9)]
  7118 | D:9      | 7118 ||| FLEEEEING.
  7119 | D:9      | 7119 ||| FLEEEEING.
  7120 | D:9      | 7120 ||| FLEEEEING.
  7121 | D:9      | 7121 ||| FLEEEEING.
  7122 | D:9      | 7122 ||| FLEEEEING.
  7123 | D:9      | 7123 ||| FLEEEEING.
  7124 | D:9      | 7124 ||| FLEEEEING.
  7125 | D:9      | 7125 ||| FLEEEEING.
  7126 | D:9      | 7126 ||| FLEEEEING.
  7127 | D:9      | 7127 ||| FLEEEEING.
  7128 | D:9      | 7128 ||| FLEEEEING.
  7129 | D:9      | 7129 ||| FLEEEEING.
  7130 | D:9      | 7130 ||| FLEEEEING.
  7131 | D:9      | 7131 ||| FLEEEEING.
  7133 | D:9      | 7133 ||| FLEEEEING.
  7134 | D:9      | 7134 ||| FLEEEEING.
  7135 | D:9      | 7135 ||| FLEEEEING.
  7136 | D:9      | 7136 ||| FLEEEEING.
  7137 | D:9      | 7137 ||| FLEEEEING.
  7138 | D:9      | 7138 ||| STAIRDANCE
  7321 | D:9      | 7321 ||| INVOKING Heroism.
  7330 | D:9      | Killed Erolcha
  7372 | D:9      | 7372 ||| INVOKING Heroism.
  7444 | D:9      | 7444 ||| INVOKING Heroism.
  7449 | D:9      | 7449 ||| Stepping ~*~*~tactically~*~*~ (cloud).
  7493 | D:9      | Reached skill level 6 in Invocations
  7504 | D:9      | 7504 ||| Stepping ~*~*~tactically~*~*~ (stealth).
  7506 | D:9      | 7506 ||| Stepping ~*~*~tactically~*~*~ (stealth).
  7508 | D:9      | 7508 ||| Stepping ~*~*~tactically~*~*~ (hiding).
  7510 | D:9      | 7510 ||| Stepping ~*~*~tactically~*~*~ (hiding).
  7547 | D:9      | 7547 ||| Stepping ~*~*~tactically~*~*~ (stealth).
  7553 | D:9      | 7553 ||| INVOKING Heroism.
  7564 | D:9      | Reached ***** piety under Okawaru
  7691 | D:9      | Noticed a two-headed ogre
  7692 | D:9      | 7692 ||| INVOKING Heroism.
  7699 | D:9      | Killed a two-headed ogre
  7699 | D:9      | Received a gift from Okawaru
  7700 | D:9      | Reached XP level 12. HP: 76/76 MP: 15/17
  7745 | D:9      | 7745 ||| Stepping ~*~*~tactically~*~*~ (stealth).
  7775 | D:9      | 7775 ||| Stepping ~*~*~tactically~*~*~ (hiding).
  7778 | D:9      | 7778 ||| Stepping ~*~*~tactically~*~*~ (hiding).
  7815 | D:9      | 7815 ||| Stepping ~*~*~tactically~*~*~ (hiding).
  7985 | D:9      | Found a staircase to the Lair.
  8039 | D:9      | 8039 ||| Stepping ~*~*~tactically~*~*~ (stealth).
  8043 | D:9      | Reached skill level 1 in Throwing
  8158 | D:9      | 8158 ||| PLANNING LAIR
  8210 | Lair:1   | Entered Level 1 of the Lair of Beasts
  8240 | Lair:1   | 8240 ||| Stepping ~*~*~tactically~*~*~ (stealth).
  8243 | Lair:1   | 8243 ||| INVOKING Heroism.
  8361 | Lair:1   | 8361 ||| INVOKING Heroism.
  8418 | Lair:1   | 8418 ||| INVOKING Heroism.
  8438 | Lair:1   | Reached skill level 9 in Invocations
  8571 | Lair:1   | 8571 ||| Stepping ~*~*~tactically~*~*~ (stealth).
  8573 | Lair:1   | 8573 ||| Stepping ~*~*~tactically~*~*~ (stealth).
  8575 | Lair:1   | 8575 ||| Stepping ~*~*~tactically~*~*~ (stealth).
  8674 | Lair:1   | 8674 ||| Stepping ~*~*~tactically~*~*~ (hiding).
  8676 | Lair:1   | 8676 ||| Stepping ~*~*~tactically~*~*~ (hiding).
  8687 | Lair:1   | Identified the +0 cloak of the Sharing Gods {rElec}
                  | (Okawaru gifted it to you on level 1 of the Lair of Beasts)
  8687 | Lair:1   | Received a gift from Okawaru
  8950 | Lair:1   | 8950 ||| UPGRADING to +0 cloak of the Sharing Gods {rElec}.
  8955 | Lair:1   | 8955 ||| READING scroll labelled OCE SIDGHYWKEACIKK.
  8985 | Lair:2   | 8985 ||| Stepping ~*~*~tactically~*~*~ (stealth).
  9070 | Lair:2   | 9070 ||| INVOKING Heroism.
  9072 | Lair:2   | 9072 ||| Stepping ~*~*~tactically~*~*~ (stealth).
  9073 | Lair:2   | 9073 ||| Stepping ~*~*~tactically~*~*~ (stealth).
  9074 | Lair:2   | 9074 ||| Stepping ~*~*~tactically~*~*~ (stealth).
  9111 | Lair:2   | Noticed a catoblepas
  9112 | Lair:2   | 9112 ||| Stepping ~*~*~tactically~*~*~ (hiding).
  9114 | Lair:2   | 9114 ||| INVOKING Heroism.
  9115 | Lair:2   | 9115 ||| INVOKING Finesse.
  9122 | Lair:2   | Killed a catoblepas
  9123 | Lair:2   | Reached skill level 12 in Axes
  9275 | Lair:2   | Found a staircase to the Shoals.
  9463 | Lair:2   | Found a dark tunnel.
  9463 | Lair:2   | Noticed a death yak
  9464 | Lair:2   | 9464 ||| INVOKING Heroism.
  9465 | Lair:2   | 9465 ||| INVOKING Finesse.
  9473 | Lair:2   | Killed a death yak
  9513 | Lair:2   | Noticed a death yak
  9513 | Lair:2   | Noticed a death yak
  9514 | Lair:2   | 9514 ||| INVOKING Heroism.
  9514 | Lair:2   | Noticed a death yak
  9518 | Lair:2   | Noticed a death yak
  9520 | Lair:2   | Noticed a death yak
  9527 | Lair:2   | Killed a death yak
  9533 | Lair:2   | Killed a death yak
  9533 | Lair:2   | Killed a death yak
  9534 | Lair:2   | Reached XP level 13. HP: 65/80 MP: 20/20
  9648 | Lair:2   | 9648 ||| INVOKING Heroism.
  9924 | Lair:2   | Noticed Maggie
  9932 | Lair:2   | Killed Maggie
 10266 | Lair:2   | 10266 ||| DRINKING 2 smoky blue potions.
 10267 | Lair:2   | 10267 ||| DROPPING potion of degeneration.
 10306 | Lair:3   | 10306 ||| INVOKING Heroism.
 10414 | Lair:3   | 10414 ||| INVOKING Heroism.
 10494 | Lair:3   | 10494 ||| INVOKING Heroism.
 10495 | Lair:3   | Found a hole to the Spider Nest.
 10502 | Lair:3   | Received a gift from Okawaru
 10634 | Lair:3   | Reached skill level 13 in Axes
 10654 | Lair:3   | 10654 ||| INVOKING Heroism.
 10885 | Lair:3   | 10885 ||| INVOKING Heroism.
 10888 | Lair:3   | 10888 ||| Stepping ~*~*~tactically~*~*~ (stealth).
 10894 | Lair:3   | Reached skill level 9 in Armour
 10999 | Lair:3   | You fall into a shaft and drop 1 floor!
 11003 | Lair:4   | 11003 ||| READING scroll labelled FOXOUS VOURI.
 11030 | Lair:4   | Noticed Josephine
 11039 | Lair:4   | Killed Josephine
 11067 | Lair:4   | Received a gift from Okawaru
 11147 | Lair:3   | 11147 ||| UPGRADING to ring of ice.
 11160 | Lair:4   | 11160 ||| INVOKING Heroism.
 11163 | Lair:4   | 11163 ||| SWAPPING to +1 morningstar of protection.
 11164 | Lair:4   | 11164 ||| REMOVING ring of ice.
 11177 | Lair:4   | 11177 ||| SWAPPING to +5 war axe "Pataogh" {heavy, rF- rC+
                  | rN+++ Stlth-}.
 11778 | Lair:4   | 11778 ||| UPGRADING to +2 scale mail of fire resistance.
 11788 | Lair:4   | 11788 ||| READING scroll labelled EWKOXIE AFIHYC.
 11913 | Lair:5   | Entered Level 5 of the Lair of Beasts
 11943 | Lair:5   | Reached skill level 14 in Axes
 11957 | Lair:5   | 11957 ||| FLEEEEING.
 11958 | Lair:5   | 11958 ||| FLEEEEING.
 11959 | Lair:5   | 11959 ||| FLEEEEING.
 11960 | Lair:5   | 11960 ||| FLEEEEING.
 11961 | Lair:5   | 11961 ||| STAIRDANCE
 11992 | Lair:4   | 11992 ||| DROPPING scarf of shadows.
 11995 | Lair:5   | 11995 ||| STAIRDANCE
 11997 | Lair:4   | 11997 ||| INVOKING Heroism.
 11998 | Lair:4   | 11998 ||| SWAPPING to +1 morningstar of protection.
 12007 | Lair:4   | 12007 ||| SWAPPING to +5 war axe "Pataogh" {heavy, rF- rC+
                  | rN+++ Stlth-}.
 12156 | Lair:5   | Reached skill level 3 in Throwing
 12200 | Lair:5   | 12200 ||| INVOKING Heroism.
 12204 | Lair:5   | 12204 ||| SWAPPING to +1 morningstar of protection.
 12209 | Lair:5   | 12209 ||| SWAPPING to +5 war axe "Pataogh" {heavy, rF- rC+
                  | rN+++ Stlth-}.
 12229 | Lair:5   | 12229 ||| INVOKING Heroism.
 12234 | Lair:5   | 12234 ||| Stepping ~*~*~tactically~*~*~ (stealth).
 12239 | Lair:5   | Gained mutation: Your large and strong wings let you fly.
                  | [Gargoyle growth]
 12239 | Lair:5   | Reached XP level 14. HP: 88/88 MP: 19/21
 12364 | Lair:5   | 12364 ||| Stepping ~*~*~tactically~*~*~ (hiding).
 12365 | Lair:5   | 12365 ||| Stepping ~*~*~tactically~*~*~ (hiding).
 12367 | Lair:5   | 12367 ||| INVOKING Heroism.
 12393 | Lair:5   | 12393 ||| Stepping ~*~*~tactically~*~*~ (stealth).
 12407 | Lair:5   | 12407 ||| INVOKING Finesse.
 12409 | Lair:5   | 12409 ||| INVOKING Heroism.
 12417 | Lair:5   | Reached skill level 12 in Shields
 12488 | Lair:5   | 12488 ||| INVOKING Heroism.
 12499 | Lair:5   | 12499 ||| Stepping ~*~*~tactically~*~*~ (stealth).
 12512 | Lair:5   | 12512 ||| Stepping ~*~*~tactically~*~*~ (stealth).
 12513 | Lair:5   | 12513 ||| Stepping ~*~*~tactically~*~*~ (stealth).
 12515 | Lair:5   | 12515 ||| Stepping ~*~*~tactically~*~*~ (hiding).
 12567 | Lair:5   | 12567 ||| Stepping ~*~*~tactically~*~*~ (stealth).
 12568 | Lair:5   | 12568 ||| Stepping ~*~*~tactically~*~*~ (stealth).
 12576 | Lair:5   | 12576 ||| INVOKING Heroism.
 12631 | Lair:5   | 12631 ||| INVOKING Heroism.
 12636 | Lair:5   | 12636 ||| SWAPPING to +1 morningstar of protection.
 12642 | Lair:5   | 12642 ||| SWAPPING to +5 war axe "Pataogh" {heavy, rF- rC+
                  | rN+++ Stlth-}.
 12665 | Lair:5   | 12665 ||| Stepping ~*~*~tactically~*~*~ (stealth).
 12686 | Lair:5   | 12686 ||| INVOKING Heroism.
 12689 | Lair:5   | 12689 ||| INVOKING Finesse.
 12694 | Lair:5   | Reached skill level 15 in Axes
 12699 | Lair:5   | 12699 ||| SWAPPING to +1 morningstar of protection.
 12712 | Lair:5   | 12712 ||| SWAPPING to +5 war axe "Pataogh" {heavy, rF- rC+
                  | rN+++ Stlth-}.
 12835 | Lair:5   | 12835 ||| Stepping ~*~*~tactically~*~*~ (stealth).
 12845 | Lair:5   | 12845 ||| INVOKING Heroism.
 12847 | Lair:5   | 12847 ||| SWAPPING to +1 morningstar of protection.
 12853 | Lair:5   | HP: 19/90 [seven-headed hydra (6)]
 12854 | Lair:5   | 12854 ||| READING 2 scrolls of teleportation.
 12855 | Lair:5   | 12855 ||| DRINKING 3 potions of heal wounds.
 12859 | Lair:5   | 12859 ||| SWAPPING to +5 war axe "Pataogh" {heavy, rF- rC+
                  | rN+++ Stlth-}.
 13041 | Lair:5   | 13041 ||| Stepping ~*~*~tactically~*~*~ (stealth).
 13043 | Lair:5   | 13043 ||| INVOKING Heroism.
 13044 | Lair:5   | 13044 ||| Stepping ~*~*~tactically~*~*~ (stealth).
 13165 | Lair:5   | 13165 ||| INVOKING Heroism.
 13167 | Lair:5   | 13167 ||| SWAPPING to +1 morningstar of protection.
 13177 | Lair:5   | 13177 ||| SWAPPING to +5 war axe "Pataogh" {heavy, rF- rC+
                  | rN+++ Stlth-}.
 13360 | Lair:5   | Reached skill level 12 in Fighting
 13410 | Lair:5   | Found a staircase to the Slime Pits.
 13472 | Lair:5   | 13472 ||| Stepping ~*~*~tactically~*~*~ (stealth).
 13473 | Lair:5   | 13473 ||| Stepping ~*~*~tactically~*~*~ (stealth).
 13474 | Lair:5   | 13474 ||| Stepping ~*~*~tactically~*~*~ (stealth).
 13475 | Lair:5   | 13475 ||| Stepping ~*~*~tactically~*~*~ (stealth).
 13556 | Lair:5   | 13556 ||| INVOKING Heroism.
 13557 | Lair:5   | 13557 ||| INVOKING Finesse.
 13564 | Lair:5   | 13564 ||| SWAPPING to +1 morningstar of protection.
 13573 | Lair:5   | 13573 ||| SWAPPING to +5 war axe "Pataogh" {heavy, rF- rC+
                  | rN+++ Stlth-}.
 13869 | Lair:5   | 13869 ||| PLANNING D:1-11
 13869 | Lair:5   | 13869 ||| UPGRADING to ring of willpower.
 13870 | Lair:5   | 13870 ||| READING 6 scrolls of identify.
 13870 | Lair:5   | 13870 ||| IDENTIFYING ruby potion
 13871 | Lair:5   | 13871 ||| DROPPING potion of invisibility.
 13984 | D:10     | Entered Level 10 of the Dungeon
 14111 | D:10     | Found a shimmering blue altar of Sif Muna.
 14185 | D:10     | Received a gift from Okawaru
 14236 | D:10     | Found the +12 pair of quick blades "Gyre" and "Gimble"
                  | {protect}
 14826 | D:10     | 14826 ||| Stepping ~*~*~tactically~*~*~ (hiding).
 14883 | D:10     | Identified the +0 scale mail of Fioruk {Harm rN++ Int+3
                  | Stlth-}
 15032 | D:10     | 15032 ||| DROPPING +1 hat.
 15033 | D:10     | 15033 ||| DROPPING +0 scale mail of Fioruk {Harm rN++ Int+3
                  | Stlth-}.
 15034 | D:10     | 15034 ||| UPGRADING to amulet of regeneration.
 15044 | D:10     | 15044 ||| DROPPING amulet of the acrobat.
 15094 | D:11     | Identified the +4 mace of Arbitration {heavy, rN++ Str+3
                  | Int+3}
 15113 | D:11     | Reached XP level 15. HP: 96/96 MP: 22/22
 15379 | D:11     | 15379 ||| DROPPING +1 morningstar of protection.
 15386 | D:11     | Found a staircase to the Orcish Mines.
 15387 | D:11     | 15387 ||| FLEEEEING.
 15388 | D:11     | 15388 ||| FLEEEEING.
 15389 | D:11     | 15389 ||| FLEEEEING.
 15390 | D:11     | 15390 ||| FLEEEEING.
 15391 | D:11     | 15391 ||| FLEEEEING.
 15392 | D:11     | 15392 ||| FLEEEEING.
 15395 | D:11     | 15395 ||| INVOKING Heroism.
 15458 | D:11     | Received a gift from Okawaru
 15640 | D:11     | 15640 ||| PLANNING D
 15640 | D:11     | 15640 ||| DROPPING +0 chain mail.
 15641 | D:11     | 15641 ||| UPGRADING to +0 plate armour.
 15651 | D:11     | 15651 ||| READING 6 scrolls of identify.
 15651 | D:11     | 15651 ||| IDENTIFYING black potion
 15769 | D:12     | 15769 ||| Stepping ~*~*~tactically~*~*~ (stealth).
 15772 | D:12     | 15772 ||| Stepping ~*~*~tactically~*~*~ (hiding).
 15776 | D:12     | 15776 ||| Stepping ~*~*~tactically~*~*~ (hiding).
 15784 | D:12     | 15784 ||| INVOKING Heroism.
 15834 | D:12     | 15834 ||| Stepping ~*~*~tactically~*~*~ (hiding).
 16179 | D:12     | 16179 ||| Stepping ~*~*~tactically~*~*~ (hiding).
 16180 | D:12     | 16180 ||| Stepping ~*~*~tactically~*~*~ (hiding).
 16191 | D:12     | Received a gift from Okawaru
 16416 | D:12     | 16416 ||| READING scroll labelled EMALUPHEUR.
 16444 | D:13     | 16444 ||| PLANNING GAUNTLET
 16453 | D:13     | 16453 ||| FLEEEEING.
 16454 | D:13     | 16454 ||| FLEEEEING.
 16458 | D:13     | 16458 ||| FLEEEEING.
 16459 | D:13     | 16459 ||| FLEEEEING.
 16460 | D:13     | 16460 ||| FLEEEEING.
 16461 | D:13     | 16461 ||| FLEEEEING.
 16462 | D:13     | 16462 ||| STAIRDANCE
 16579 | D:13     | Noticed Lodul
 16584 | D:13     | 16584 ||| INVOKING Heroism.
 16588 | D:13     | Killed Lodul
 16678 | D:13     | 16678 ||| READING 3 scrolls of teleportation.
 16679 | D:13     | 16679 ||| INVOKING Heroism.
 16720 | D:13     | 16720 ||| INVOKING Heroism.
 16720 | D:13     | HP: 20/96 [gargoyle/stone arrow (11)]
 16721 | D:13     | 16721 ||| READING 2 scrolls of teleportation.
 16721 | D:13     | HP: 7/96 [freezing wraith[a death knight] (11)]
 16722 | D:13     | 16722 ||| DRINKING 3 potions of heal wounds.
 16724 | D:13     | 16724 ||| DRINKING 2 potions of heal wounds.
 16758 | D:13     | Reached skill level 6 in Throwing
 16786 | D:13     | 16786 ||| Stepping ~*~*~tactically~*~*~ (stealth).
 16811 | D:13     | Found a gate to the Vaults.
 16838 | D:13     | Identified the +9 hand axe "Yhouheor" {pain, Dex+2}
 16858 | D:13     | 16858 ||| RIP GAUNTLET
 16886 | D:13     | 16886 ||| PLANNING D
 16893 | D:13     | 16893 ||| INVOKING Heroism.
 16894 | D:13     | 16894 ||| READING scroll of teleportation.
 16936 | D:13     | Received a gift from Okawaru
 17065 | D:13     | 17065 ||| Stepping ~*~*~tactically~*~*~ (hiding).
 17069 | D:13     | 17069 ||| Stepping ~*~*~tactically~*~*~ (hiding).
 17080 | D:13     | 17080 ||| Stepping ~*~*~tactically~*~*~ (hiding).
 17118 | D:13     | 17118 ||| FLEEEEING.
 17119 | D:13     | 17119 ||| FLEEEEING.
 17136 | D:13     | 17136 ||| Stepping ~*~*~tactically~*~*~ (hiding).
 17138 | D:13     | 17138 ||| Stepping ~*~*~tactically~*~*~ (hiding).
 17181 | D:13     | Reached skill level 12 in Armour
 17252 | D:13     | 17252 ||| Stepping ~*~*~tactically~*~*~ (stealth).
 17255 | D:13     | 17255 ||| Stepping ~*~*~tactically~*~*~ (stealth).
 17309 | D:14     | 17309 ||| Stepping ~*~*~tactically~*~*~ (hiding).
 17310 | D:14     | 17310 ||| Stepping ~*~*~tactically~*~*~ (hiding).
 17315 | D:14     | 17315 ||| INVOKING Heroism.
 17328 | D:14     | Reached skill level 16 in Axes
 17340 | D:14     | 17340 ||| INVOKING Heroism.
 17445 | D:14     | Identified the +1 battleaxe of the Middle {heavy, rElec rF+
                  | rN+ Dex-4}
 17543 | D:14     | 17543 ||| INVOKING Heroism.
 17544 | D:14     | 17544 ||| INVOKING Finesse.
 17548 | D:14     | 17548 ||| SWAPPING to +2 hand axe of flaming.
 17557 | D:14     | 17557 ||| SWAPPING to +5 war axe "Pataogh" {heavy, rF- rC+
                  | rN+++ Stlth-}.
 17560 | D:14     | Received a gift from Okawaru
 17656 | D:14     | Found Qeg Bez's Book Boutique.
 17663 | D:14     | 17663 ||| Stepping ~*~*~tactically~*~*~ (stealth).
 17666 | D:14     | 17666 ||| Stepping ~*~*~tactically~*~*~ (stealth).
 17668 | D:14     | 17668 ||| Stepping ~*~*~tactically~*~*~ (stealth).
 17726 | D:14     | 17726 ||| Stepping ~*~*~tactically~*~*~ (stealth).
 17749 | D:14     | 17749 ||| INVOKING Heroism.
 17793 | D:14     | 17793 ||| Stepping ~*~*~tactically~*~*~ (stealth).
 17795 | D:14     | 17795 ||| INVOKING Heroism.
 17796 | D:14     | 17796 ||| INVOKING Finesse.
 17797 | D:14     | 17797 ||| SWAPPING to +2 hand axe of flaming.
 17808 | D:14     | 17808 ||| SWAPPING to +5 war axe "Pataogh" {heavy, rF- rC+
                  | rN+++ Stlth-}.
 17874 | D:14     | 17874 ||| INVOKING Heroism.
 17883 | D:14     | 17883 ||| Stepping ~*~*~tactically~*~*~ (stealth).
 17884 | D:14     | 17884 ||| Stepping ~*~*~tactically~*~*~ (stealth).
 17891 | D:14     | 17891 ||| Stepping ~*~*~tactically~*~*~ (stealth).
 17958 | D:14     | Reached XP level 16. HP: 100/101 MP: 23/23
 18392 | D:15     | Entered Level 15 of the Dungeon
 18465 | D:15     | 18465 ||| Stepping ~*~*~tactically~*~*~ (hiding).
 18469 | D:15     | 18469 ||| INVOKING Heroism.
 18473 | D:15     | 18473 ||| Stepping ~*~*~tactically~*~*~ (hiding).
 18658 | D:15     | 18658 ||| Stepping ~*~*~tactically~*~*~ (stealth).
 18682 | D:15     | 18682 ||| INVOKING Heroism.
 18683 | D:15     | 18683 ||| SWAPPING to +2 hand axe of flaming.
 18689 | D:15     | 18689 ||| SWAPPING to +5 war axe "Pataogh" {heavy, rF- rC+
                  | rN+++ Stlth-}.
 18760 | D:15     | Found a staircase to the Depths.
 18918 | D:15     | 18918 ||| Stepping ~*~*~tactically~*~*~ (hiding).
 19155 | D:15     | 19155 ||| Stepping ~*~*~tactically~*~*~ (stealth).
 19157 | D:15     | 19157 ||| Stepping ~*~*~tactically~*~*~ (hiding).
 19373 | D:15     | 19373 ||| PLANNING ORC
 19373 | D:15     | 19373 ||| UPGRADING to +6 ring of strength.
 19375 | D:15     | 19375 ||| UPGRADING to +4 ring of protection.
 19377 | D:15     | 19377 ||| DROPPING ring of willpower.
 19378 | D:15     | 19378 ||| READING scroll labelled LIUJIO NUZEFF.
 19472 | Orc:1    | Entered Level 1 of the Orcish Mines
 19478 | Orc:1    | Noticed Jorgrun
 19479 | Orc:1    | 19479 ||| INVOKING Heroism.
 19480 | Orc:1    | 19480 ||| INVOKING Finesse.
 19492 | Orc:1    | Killed Jorgrun
 19523 | Orc:1    | You are sucked into a shaft and drop 1 floor!
 19523 | Orc:2    | Entered Level 2 of the Orcish Mines
 19558 | Orc:2    | 19558 ||| INVOKING Heroism.
 19570 | Orc:2    | Noticed Nessos
 19571 | Orc:2    | 19571 ||| INVOKING Finesse.
 19572 | Orc:2    | Received a gift from Okawaru
 19573 | Orc:2    | HP: 7/104 [orc knight/+2 great mace (31)]
 19574 | Orc:2    | 19574 ||| READING scroll of teleportation.
 19575 | Orc:2    | 19575 ||| DRINKING potion of heal wounds.
 19575 | Orc:2    | HP: 1/104 [orc warrior/+0 glaive (16)]
 19575 | Orc:2    | Slain by a rust devil

Levels and vault maps discovered:
D:1:      onia_arrival_mini_maze_b, layout_basic
D:2:      layout_loops_ring, serial_forest, infiniplex_forest_straight_2,
          infiniplex_forest_clump_tiny, infiniplex_forest_clump_diagonal,
          infiniplex_forest_lined_ring, infiniplex_forest_lined_3_way,
          infiniplex_forest_clump_tiny, infiniplex_forest_fountain,
          infiniplex_forest_clump_double,
          dreamdust_ecumenical_altar_hidden_monk_grotto
D:3:      layout_basic, hangedman_decor_growths, minmay_snake_closets,
          uniq_natasha
D:4:      minmay_angry_zag, layout_rooms, grunt_gozag_breadcrumbs,
          tso_oasis_becter, nicolae_overflow_hidden_temple, uniq_pikel
D:5:      layout_basic, mainiacjoe_overflow_divided_tiny,
          minmay_temple_entry_glass, serial_corexii_hall,
          chequers_hall_statues_wall_a, chequers_hall_statues_y, serial_shops,
          shop, nicolae_alphabet_shops, hex_tiny
D:6:      layout_rooms
D:7:      cheibrodos_wizards_tower, layout_basic
D:8:      cheibrodos_statue_roulette, layout_gridville, makhleb_grotto_becter,
          grunt_decor_resistance, uniq_psyche
D:9:      layout_roguey [special_room_orc], lair_entry_dummy, kennysheep_dice,
          uniq_erolcha
D:10:     layout_layer_cave, mainiacjoe_overflow_paths, enter_bailey_3,
          hellmonk_guarded_unrand_gyre_and_gimble
D:11:     layout_small_grid, minmay_orc_entry_temple_small
D:12:     layout_basic
D:13:     layout_basic, skrybe_vaults_entry_preservation,
          gauntlet_entry_generic, uniq_lodul
D:14:     layout_loops_ring, serial_bayou_shore_b, serial_shops, shop_fountains,
          grunt_ministairs_5, tgw_trog
D:15:     grunt_enter_depths_hoard, layout_basic
Temple:   hellmonk_temple_forest_ring
Lair:1:   layout_hall_layers
Lair:2:   layout_layer_cave, minmay_shoals_entry_centaurs,
          nicolae_volcano_entry_lava_flow, uniq_maggie
Lair:3:   layout_long_grid, hellmonk_spider_entry_not_the_bees, evilmike_ambush
          [evilmike_ambush_outer_basic, evilmike_ambush_inner_cross]
Lair:4:   layout_long_grid, chequers_serial_rivers_micro_d, disabler_island,
          uniq_josephine
Lair:5:   evilmike_catoblepas_cave, layout_gridlike, slime_entry_1,
          portal_ice_cave_rime
Orc:1:    layout_caves, uniq_jorgrun
Orc:2:    st_orc_pillars, layout_diamond_mine, uniq_nessos

Skill      XL: |  1  2  3  4  5  6  7  8  9 10 11 12 13 14 15 16 |
---------------+-------------------------------------------------+-----
Axes           | 2 3 4 5 7 8 10 11 12 14 15 16 | 16.0
Fighting       | 4 5 6 7 9 10 12 13 | 13.0
Dodging        | 1 3 |  3.0
Armour         | 4 5 6 7 8 9 12 | 12.9
Invocations    | 1 5 7 10 | 10.0
Shields        | 4 5 10 11 12 13 | 13.0
Throwing       | 2 3 4 7 |  7.0

Action                     |  1- 3 |  4- 6 |  7- 9 | 10-12 | 13-15 | 16-18 || total
---------------------------+-------+-------+-------+-------+-------+-------++-------
  Melee: War axe           |    82 |    75 |   155 |   321 |   737 |    95 ||  1465
         Morningstar       |       |       |       |       |    64 |       ||    64
         Hand axe          |       |       |       |       |    17 |     4 ||    21
  Throw: Boomerang         |       |       |     3 |    51 |   225 |    21 ||   300
         Javelin           |       |       |       |    29 |    71 |     9 ||   109
 Invoke: Heroism           |       |       |     4 |    23 |    32 |     4 ||    63
         Finesse           |       |       |       |     2 |     5 |     2 ||     9
    Use: Scroll            |     6 |     5 |     7 |     7 |     9 |     2 ||    36
         Potion            |     1 |     2 |       |     1 |     4 |     1 ||     9
   Stab: Petrified         |       |       |       |       |     4 |       ||     4
         Petrifying        |       |       |       |       |     1 |       ||     1
 Armour: Scale mail        |    40 |    68 |     6 |       |   206 |       ||   320
         Chain mail        |       |       |    89 |   179 |   116 |       ||   384
         Plate armour      |       |       |       |       |   232 |    49 ||   281
  Dodge: Dodged            |    34 |    64 |    60 |   128 |   311 |    30 ||   627
  Block: Buckler           |    11 |    17 |    62 |    25 |       |       ||   115
         Reflection        |       |       |     1 |     2 |       |       ||     3
         Kite shield       |       |       |       |   130 |   471 |    39 ||   640

Table legend:
 A = Non-vault XP
 B = Vault XP
 C = Vault XP percentage of total XP
 D = Non-vault monster count
 E = Vault monster count
 F = Vault count percentage of total count
                 A         B        C        D         E       F
            +---------+---------+-------+---------+---------+-------
      Total |  105679 |   38215 |  26.6 |     443 |     162 |  26.8
            +---------+---------+-------+---------+---------+-------
        D:1 |      23 |       4 |  14.8 |      14 |       1 |   6.7
        D:2 |      30 |       0 |   0.0 |      10 |       0 |   0.0
        D:3 |      71 |     123 |  63.4 |      10 |      12 |  54.5
        D:4 |     181 |     614 |  77.2 |      11 |       4 |  26.7
        D:5 |     493 |       0 |   0.0 |      16 |       0 |   0.0
        D:6 |     822 |       0 |   0.0 |      19 |       0 |   0.0
        D:7 |    2160 |     632 |  22.6 |      26 |       1 |   3.7
        D:8 |    2308 |    2452 |  51.5 |      26 |       7 |  21.2
        D:9 |    2926 |    2118 |  42.0 |      14 |      29 |  67.4
       D:10 |    2208 |    1894 |  46.2 |      12 |       7 |  36.8
       D:11 |    5699 |     230 |   3.9 |      26 |       6 |  18.8
       D:12 |    6465 |       0 |   0.0 |      25 |       0 |   0.0
       D:13 |    9086 |    6494 |  41.7 |      25 |      17 |  40.5
       D:14 |   13167 |    2207 |  14.4 |      24 |       7 |  22.6
       D:15 |    8086 |    1732 |  17.6 |      17 |       2 |  10.5
     Lair:1 |    7613 |       0 |   0.0 |      28 |       0 |   0.0
     Lair:2 |    8562 |     874 |   9.3 |      20 |       5 |  20.0
     Lair:3 |    7395 |    1479 |  16.7 |      30 |       8 |  21.1
     Lair:4 |    3542 |    2367 |  40.1 |       9 |      11 |  55.0
     Lair:5 |   19013 |   11702 |  38.1 |      52 |      25 |  32.5
      Orc:1 |     573 |    1858 |  76.4 |       2 |       1 |  33.3
      Orc:2 |     441 |    1435 |  76.5 |      17 |      19 |  52.8
    Abyss:1 |    4815 |       0 |   0.0 |      10 |       0 |   0.0
            +---------+---------+-------+---------+---------+-------
